 Dungeon Crawl Stone Soup version 0.20-a0-792-g09bcfd3 (webtiles) character file.

116 Alarkh the Slasher (level 5, -1/36 HPs)
             Began as a Halfling Monk on Feb 28, 2017.
             Slain by Sigmund
             ... wielding a +1 scythe of slicing
              (2 damage)
             ... on level 3 of the Dungeon.
             The game lasted 00:02:24 (2354 turns).

Alarkh the Slasher (Halfling Monk)                  Turns: 2354, Time: 00:02:24

Health: -1/36      AC:  2    Str: 12    XL:     5   Next: 21%
Magic:  5/5        EV: 23    Int:  9    God:
Gold:   85         SH:  0    Dex: 22    Spells: 4/4 levels left

rFire    . . .     SeeInvis .   a - +0 falchion
rCold    . . .     Gourm    .   b - +0 robe
rNeg     . . .     Faith    .   (shield restricted)
rPois    .         Spirit   .   (no helmet)
rElec    .         Reflect  .   (no cloak)
rCorr    .         Harm     .   (no gloves)
MR       .....                  (no boots)
Stlth    ++++......             (no amulet)
Regen    0.2/turn               (no ring)
MPRegen  0.1/turn               (no ring)

@: agile
A: mutation resistance 1
a: no special abilities


You were on level 3 of the Dungeon.
You were not hungry.

You visited 1 branch of the dungeon, and saw 3 of its levels.

You collected 85 gold pieces.

Inventory:

Hand Weapons
 a - a +0 falchion (weapon)
Armour
 b - a +0 robe (worn)
Jewellery
 m - an uncursed ring of resist corrosion {unknown}
Scrolls
 e - a scroll of identify
 f - a scroll of recharging
 n - a scroll of remove curse {unknown}
Potions
 l - a potion of curing
Comestibles
 c - a bread ration
 d - a chunk of flesh
 g - 4 royal jellies
 i - a meat ration
 k - 3 fruits


   Skills:
 + Level 3.1 Fighting
 * Level 4.3 Long Blades
 + Level 4.1 Dodging
 + Level 3.1 Stealth


You had 4 spell levels left.
You didn't know any spells.

Dungeon Overview and Level Annotations

Branches:
Dungeon (3/15)

Altars:
Uskayaw
Vehumet

Annotations:
D:3 Sigmund


Innate Abilities, Weirdness & Mutations

You are small and have problems with some larger weapons.
You are somewhat resistant to further mutation.


Message History

Sigmund is lightly wounded.
Sigmund barely misses you.
You riposte.
You hit Sigmund.
Sigmund is moderately wounded.
You closely miss Sigmund.
Sigmund is moderately wounded.
Sigmund gestures wildly while chanting.
Sigmund flickers and vanishes!
Deactivating autopickup; reactivate with Ctrl-A.
Okay, then.
You barely miss something. Something hits you.
You hit something. You miss something.
You hear some strange, mumbled words.
A magic dart appears from out of thin air!
The magic dart hits you!
* * * LOW HITPOINT WARNING * * *
You hit something. Something hits you.
* * * LOW HITPOINT WARNING * * *
x2 You hit something but do no damage.
Something hits you.
You die...

#............##.#
##...#.......##.#
##.##.#####.##.#
#.##..###..##.#
#.##...#...##.#
##'##.8.#.8..#.#
##...#...#...)..#
##.......###.).###
#.......#####@.#####
(............{.....#
...................#
.........#......##.#
#.......###..#.## #
##.....## #..#.#
##.<.# #..#.# ##'#
#..#.# #. #.....


There were no monsters in sight!

Vanquished Creatures
  3 gnolls (D:3)
  2 adders (D:2)
  3 dart slugs (D:1)
  2 leopard geckos
  7 orcs (D:3)
  4 bats
  2 giant cockroaches
  6 goblins
  6 hobgoblins
  9 jackals
  A ball python (D:2)
  7 rats
52 creatures vanquished.

Notes
Turn   | Place    | Note
-------+----------+-------------------------------------------
     0 | D:1      | Alarkh the Halfling Monk began the quest for the Orb.
     0 | D:1      | Reached XP level 1. HP: 15/15 MP: 1/1
   193 | D:1      | Reached XP level 2. HP: 20/20 MP: 2/2
   446 | D:1      | Reached XP level 3. HP: 20/25 MP: 3/3
  1079 | D:2      | Reached XP level 4. HP: 21/30 MP: 4/4
  1388 | D:2      | Found a radiant altar of Vehumet.
  1565 | D:2      | Noticed a hand axe
  1566 | D:2      | Noticed a dagger
  1566 | D:2      | Found a hide-covered altar of Uskayaw.
  2308 | D:3      | Reached XP level 5. HP: 33/36 MP: 5/5
  2323 | D:3      | Noticed Sigmund
  2353 | D:3      | HP: 1/36 [something (1)]
  2354 | D:3      | Slain by Sigmund

Vault maps used:
D:1:      dpeg_arrival_houses_and_road, hangedman_decor_peaks_small,
          roderic_lattice_a
D:2:      vehumet_crystals, dancing_weapons_uskayaw
D:3:      mrwooster_statue_mirror, uniq_sigmund

Skill      XL: |  1  2  3  4 |
---------------+-------------+-----
Stealth        | 3 |  3.1
Long Blades    | 4 |  4.3
Dodging        | 4 |  4.1
Fighting       | 3 |  3.1

Action                   |  1- 3 |  4- 6 || total
-------------------------+-------+-------++-------
Melee: Falchion          |    66 |    97 ||   163
  Use: Potion            |     1 |     1 ||     2
       Scroll            |       |     3 ||     3
 Stab: Sleeping          |     6 |     4 ||    10
  Eat: Chunk             |     1 |     4 ||     5
Armor: Robe              |     5 |     9 ||    14
Dodge: Dodged            |    53 |    79 ||   132
       Rpst.: Falchion   |    22 |    22 ||    44
